cohdb
Replays
Latest Replays
All Replays
Popular Replays
Top Player Replays
Match Explorer
How It Works
Community
CoH3 Stats
Reddit
Sign in to upload your games and track your stats! →
Sign in with Steam
Match 19898773
Unlisted
Match 19898773
Overview
Messages
Build Orders
End
Engineer Squad
Selects Airborne Battlegroup
Selects Pathfinders
Construct Barracks
Riflemen Squad
Riflemen Squad
Riflemen Squad
Riflemen Squad
Construct Medical Station
Construct Weapon Support Center
Selects Paratrooper Squad Paradrop
Bazooka Squad
Mechanized Support Center
M1918 Browning Automatic Rifles
M1 Mortar Team
Selects Anti-tank Gun Team Paradrop
Anti-tank Gun Team Paradrop
Anti-tank Gun Team Paradrop
Grenade Package
Construct Tank Depot
Bazooka Squad
Bazooka Squad
Selects Recon Loiter
Selects Supply Drop
Selects Carpet Bombing Run
M4(105) Sherman Bulldozer
Carpet Bombing Run
Paratrooper Squad Paradrop
Recon Loiter
Engineer Squad
Carpet Bombing Run
DarkRun
MonoChrome
0
0
Comments
sign in to comment!
No comments posted yet!